Condors vs Sound Tigers
Created - March 22, 2023 at 19:41
Goals
|
Condors |
3 |
4 |
1 |
8 |
Sound Tigers |
1 |
3 |
2 |
6 |
|
Shots
|
Condors |
12 |
18 |
7 |
37 |
Sound Tigers |
13 |
13 |
12 |
38 |
|
1st period
1. Condors , Jake Virtanen 21 (Tyler Bozak 7, Alexandre Carrier 20) at 1:43 (PP)
2. Condors , Adam Erne 15 (Kailer Yamamoto 6, Anton Slepyshev 5) at 7:45
3. Sound Tigers , Garret Ross 31 (Joe Labate 17) at 10:30
4. Condors , Michael Rasmussen 3 (Adam Erne 26, Clayton Keller 4) at 16:21
Penalties :
Greg Pateryn (BRI) for Hooking (Minor) at 1:14, Greg Pateryn (BRI) for Goalie Interference (Minor) at 4:29
2nd period
5. Condors , Tyler Bozak 3 (Robby Fabbri 24) at 0:04
6. Condors , Jake Virtanen 22 (Jack Dougherty 13) at 3:29
7. Sound Tigers , Gabriel Carlsson 4 (Ross Colton 4, Ben Thomson 17) at 6:08
8. Sound Tigers , Ben Thomson 15 (Pavel Kraskovsky 35) at 7:16
9. Condors , Jake Virtanen 23 (Robby Fabbri 25, Tyler Bozak 8) at 14:44
10. Sound Tigers , Alex Tuch 39 (Borna Rendulic 30) at 15:01
11. Condors , Adam Erne 16 (Clayton Keller 5, Zac Leslie 15) at 16:51
Penalties :
Tyler Bozak (Bak) for Hooking (Minor) at 8:33
3rd period
12. Sound Tigers , Ross Colton 10 (Pavel Kraskovsky 36, Nick Blankenburg 18) at 1:35
13. Sound Tigers , James Livingstone 13 (Garret Ross 34) at 3:43
14. Condors , Robby Fabbri 28 (Mark Jankowski 42) at 13:31 (PP)
Penalties :
Greg Pateryn (BRI) for Interference (Minor) at 6:28, Garret Ross (BRI) for Holding (Minor) at 13:25, Alexander Yelesin (BRI) for Hooking (Minor) at 15:17, Ross Colton (BRI) for High sticking (Minor) at 18:03, Jack Dougherty (Bak) for Roughing (Minor) at 19:13
Goalie Stats
Mikko Koskinen (Bak), 32 saves from 38 shots - (0.842), W, 12-9-2, 60:00 minutes
Stuart Skinner (BRI), 9 saves from 13 shots - (0.692), 20:04 minutes
Sean Maguire (BRI), 20 saves from 24 shots - (0.833), L, 3-4-0, 39:56 minutes
Players Stats for Condors
Player Name G A P +/- PIM S H SB GA TA FO MP PP MP PK MP
------------------------------------------------------------------------------------
Adam Erne 2 1 3 3 0 7 1 1 0 0 0/0 7:52 0:09 0:45
Alexandre Carrier 0 1 1 1 0 0 0 1 0 0 0/0 21:09 3:34 0:48
Anton Slepyshev 0 1 1 -2 0 3 1 0 0 0 0/0 10:44 0:00 0:58
Clayton Keller 0 2 2 3 0 0 0 0 0 0 0/0 6:54 0:00 0:00
Emil Djuse 0 0 0 -1 0 0 1 2 0 1 0/0 14:11 0:00 0:00
Gustav Olofsson 0 0 0 0 0 0 1 0 0 0 0/0 11:23 0:00 0:00
Jack Dougherty 0 1 1 1 2 1 0 2 0 1 0/0 21:49 4:07 1:11
Jake Virtanen 3 0 3 2 0 9 0 0 0 2 1/3 22:14 3:23 0:00
Jesse Puljujarvi 0 0 0 -3 0 0 1 1 0 0 0/1 19:02 4:16 0:00
Kailer Yamamoto 0 1 1 -2 0 2 1 0 0 0 0/0 10:09 0:23 0:00
Mark Jankowski 0 1 1 -3 0 1 1 0 0 0 6/22 19:28 4:16 0:24
Michael Rasmussen 1 0 1 3 0 1 2 0 0 0 0/1 7:45 0:00 0:51
Patrik Laine 0 0 0 -3 0 4 3 0 2 0 1/1 18:50 3:26 0:44
Phil McRae 0 0 0 -2 0 4 1 0 0 0 1/1 9:46 0:00 0:00
Philippe Myers 0 0 0 -1 0 0 1 2 2 1 0/0 26:47 3:34 0:48
Robby Fabbri 1 2 3 2 0 1 2 0 3 0 0/2 22:22 3:57 0:16
Tyler Bozak 1 2 3 2 2 2 3 0 0 2 17/33 22:08 3:16 0:00
Zac Leslie 0 1 1 0 0 2 4 0 0 0 0/0 24:40 4:08 1:11
Players Stats for Sound Tigers
Player Name G A P +/- PIM S H SB GA TA FO MP PP MP PK MP
------------------------------------------------------------------------------------
Alex Tuch 1 0 1 -1 0 6 1 0 1 2 1/2 24:22 0:59 4:29
Alexander Yelesin 0 0 0 2 2 0 2 0 0 0 0/0 13:27 0:00 2:21
Ben Thomson 1 1 2 2 0 2 0 0 1 0 0/1 11:05 0:00 0:59
Borna Rendulic 0 1 1 -1 0 4 4 0 0 0 1/1 19:07 0:59 0:00
Casey Staum 0 0 0 2 0 0 2 0 0 1 0/0 11:26 0:00 0:00
Gabriel Carlsson 1 0 1 -3 0 2 1 5 0 0 0/0 27:36 1:02 5:11
Garret Ross 1 1 2 2 2 4 1 0 1 0 0/0 16:46 1:00 2:08
Greg Pateryn 0 0 0 -3 6 0 2 1 0 0 0/0 24:57 1:02 2:07
James Livingstone 1 0 1 2 0 3 1 0 0 0 0/1 15:29 1:00 1:06
Joe Labate 0 1 1 2 0 3 1 1 2 0 7/12 16:53 1:00 2:14
Josh Archibald 0 0 0 -3 0 1 0 2 0 0 0/0 7:40 0:00 0:00
Miro Heiskanen 0 0 0 1 0 0 1 1 0 3 0/0 21:10 0:57 2:31
Nick Blankenburg 0 1 1 1 0 0 3 1 0 0 0/0 21:46 0:57 3:14
Pavel Kraskovsky 0 2 2 2 0 5 1 0 0 0 4/6 10:01 0:00 0:00
Rhett Gardner 0 0 0 -3 0 0 1 0 0 1 0/1 7:40 0:00 0:00
Ross Colton 1 1 2 2 2 2 0 0 0 0 0/0 10:00 0:00 0:00
Ryan Hartman 0 0 0 -1 0 5 0 0 2 0 25/39 24:21 0:59 4:28
Tyrell Goulbourne 0 0 0 -3 0 1 0 0 0 0 0/1 7:40 0:00 0:00
3 Stars
1 - Jake Virtanen (Bak)
2 - Adam Erne (Bak)
3 - Robby Fabbri (Bak)
Power Play
Condors - 2 on 6 Attempt(s) - 33.33%
Sound Tigers - 0 on 2 Attempt(s) - 0.00%
Penalty Kill
Condors - 2 on 2 Attempt(s) - 100.00%
- Score 0 goal in Penalty Kill
Sound Tigers - 4 on 6 Attempt(s) - 66.67%
- Score 0 goal in Penalty Kill
Team Stat
Condors - Hits : 23 - Faceoff Wins : 26 - Blocked Shots : 9 - Penalty Minutes : 4
Sound Tigers - Hits : 21 - Faceoff Wins : 38 - Blocked Shots : 11 - Penalty Minutes : 12
Official
Referees : Tom Chmielewski and Jean Hebert
Linesman : Libor Suchanek and Jonny Murray
Game Notes
Sean Maguire enters game at 0:04 of 2nd period
Jake Virtanen has scored a Hat Trick!
Finance
Level 1 -- Attendance: 1906 (95.30%) -- Ticket Income $66,710
Level 2 -- Attendance: 963 (96.30%) -- Ticket Income $14,445
Total Attendance: 2869 (95.63%)
Total Ticket Income: $81,155
Other Income: $4,058
Total Income: $85,213
Condors
5 vs 5 Forward
Center Left Wing Right Wing Time % Phy DF OF
1 Tyler Bozak Robby Fabbri Jake Virtanen 40 1 2 2
2 Mark Jankowski Patrik Laine Jesse Puljujarvi 30 1 2 2
3 Phil McRae Anton Slepyshev Kailer Yamamoto 20 1 2 2
4 Michael Rasmussen Adam Erne Clayton Keller 10 1 2 2
5 vs 5 Defense
Defense Defense Time % Phy DF OF
1 Zac Leslie Philippe Myers 40 1 2 2
2 Alexandre Carrier Jack Dougherty 30 1 2 2
3 Emil Djuse Gustav Olofsson 20 1 2 2
4 Emil Djuse Philippe Myers 10 1 2 2
PowerPlay Forward
Center Left Wing Right Wing Time % Phy DF OF
1 Mark Jankowski Robby Fabbri Jesse Puljujarvi 60 1 2 2
2 Tyler Bozak Patrik Laine Jake Virtanen 40 1 2 2
PowerPlay Defense
Defense Defense Time % Phy DF OF
1 Zac Leslie Jack Dougherty 60 1 2 2
2 Alexandre Carrier Philippe Myers 40 1 2 2
Penalty Kill 4 Players Forward
Center Wing Time % Phy DF OF
1 Tyler Bozak Anton Slepyshev 60 1 2 2
2 Mark Jankowski Jake Virtanen 40 1 2 2
Penalty Kill 4 Players Defense
Defense Defense Time % Phy DF OF
1 Zac Leslie Jack Dougherty 60 1 2 2
2 Alexandre Carrier Philippe Myers 40 1 2 2
Penalty Kill - 3 Players Forward
Forward Time % Phy DF OF
1 Mark Jankowski 60 1 2 2
2 Jake Virtanen 40 1 2 2
Penalty Kill - 3 Players Defense
Defense Defense Time % Phy DF OF
1 Zac Leslie Jack Dougherty 60 1 2 2
2 Alexandre Carrier Philippe Myers 40 1 2 2
4 vs 4 Forward
Center Wing Time % Phy DF OF
1 Tyler Bozak Jake Virtanen 60 1 2 2
2 Mark Jankowski Anton Slepyshev 40 1 2 2
4 vs 4 Defense
Defense Defense Time % Phy DF OF
1 Zac Leslie Jack Dougherty 60 1 2 2
2 Alexandre Carrier Philippe Myers 40 1 2 2
Last Minutes Offensive
Center Left Wing Right Wing Defense Defense
Tyler Bozak Robby Fabbri Jake Virtanen Zac Leslie Alexandre Carrier
Last Minutes Defensive
Center Left Wing Right Wing Defense Defense
Mark Jankowski Robby Fabbri Jake Virtanen Zac Leslie Alexandre Carrier
Goaltenders
Starting : Mikko Koskinen
Backup : Carter Hart
Extra Forwards
Normal : Jesse Puljujarvi, Kailer Yamamoto, Patrik Laine - PP : Jesse Puljujarvi, Kailer Yamamoto - PK : Patrik Laine
Extra Defensemen
Normal : Jack Dougherty, Gustav Olofsson, Emil Djuse - PP : Jack Dougherty - PK : Gustav Olofsson, Emil Djuse
Penalty Shots
Tyler Bozak, Jake Virtanen, Robby Fabbri, Mark Jankowski, Phil McRae
Scratches
Brett Lernout (Left Eye Injury), Christian Thomas (Healthy), Cole Cassels (Healthy), Colin White (Healthy), Connor Hurley (Healthy)
Jeremy Gregoire (Healthy), Jordan Subban (Healthy), Robin Salo (Healthy), Remi Elie (Healthy), Taro Hirose (Healthy)
Kiefer Sherwood (Healthy), Nikolai Knyzhov (Healthy), Lucas Johansen (Healthy), C.J. Smith (Healthy), Jack Campbell (Healthy)
Arvid Soderblom (Healthy)
Sound Tigers
5 vs 5 Forward
Center Left Wing Right Wing Time % Phy DF OF
1 Ryan Hartman Alex Tuch Borna Rendulic 40 1 2 2
2 Joe Labate Garret Ross James Livingstone 30 1 2 2
3 Pavel Kraskovsky Ben Thomson Ross Colton 20 1 2 2
4 Rhett Gardner Tyrell Goulbourne Josh Archibald 10 1 2 2
5 vs 5 Defense
Defense Defense Time % Phy DF OF
1 Greg Pateryn Gabriel Carlsson 40 1 2 2
2 Miro Heiskanen Nick Blankenburg 30 1 2 2
3 Alexander Yelesin Casey Staum 20 1 2 2
4 Greg Pateryn Gabriel Carlsson 10 1 2 2
PowerPlay Forward
Center Left Wing Right Wing Time % Phy DF OF
1 Ryan Hartman Alex Tuch Borna Rendulic 60 1 2 2
2 Joe Labate Garret Ross James Livingstone 40 1 2 2
PowerPlay Defense
Defense Defense Time % Phy DF OF
1 Greg Pateryn Gabriel Carlsson 60 1 2 2
2 Miro Heiskanen Nick Blankenburg 40 1 2 2
Penalty Kill 4 Players Forward
Center Wing Time % Phy DF OF
1 Ryan Hartman Alex Tuch 60 1 2 2
2 Joe Labate Garret Ross 40 1 2 2
Penalty Kill 4 Players Defense
Defense Defense Time % Phy DF OF
1 Greg Pateryn Gabriel Carlsson 60 1 2 2
2 Miro Heiskanen Nick Blankenburg 40 1 2 2
Penalty Kill - 3 Players Forward
Forward Time % Phy DF OF
1 Ryan Hartman 60 1 2 2
2 Joe Labate 40 1 2 2
Penalty Kill - 3 Players Defense
Defense Defense Time % Phy DF OF
1 Greg Pateryn Gabriel Carlsson 60 1 2 2
2 Miro Heiskanen Nick Blankenburg 40 1 2 2
4 vs 4 Forward
Center Wing Time % Phy DF OF
1 Ryan Hartman Alex Tuch 60 1 2 2
2 Joe Labate Garret Ross 40 1 2 2
4 vs 4 Defense
Defense Defense Time % Phy DF OF
1 Greg Pateryn Gabriel Carlsson 60 1 2 2
2 Miro Heiskanen Nick Blankenburg 40 1 2 2
Last Minutes Offensive
Center Left Wing Right Wing Defense Defense
Ryan Hartman Alex Tuch Borna Rendulic Greg Pateryn Gabriel Carlsson
Last Minutes Defensive
Center Left Wing Right Wing Defense Defense
Ryan Hartman Alex Tuch Borna Rendulic Greg Pateryn Gabriel Carlsson
Goaltenders
Starting : Stuart Skinner
Backup : Sean Maguire
Extra Forwards
Normal : James Livingstone, Ben Thomson, Joe Labate - PP : James Livingstone, Ben Thomson - PK : James Livingstone
Extra Defensemen
Normal : Nick Blankenburg, Alexander Yelesin, Casey Staum - PP : Nick Blankenburg - PK : Nick Blankenburg, Alexander Yelesin
Penalty Shots
Alex Tuch, Ryan Hartman, Garret Ross, Borna Rendulic, James Livingstone
Scratches
Ben Johnson (Healthy), Blake Speers (Healthy), Brad Ross (Healthy), Alex Steeves (Healthy), Jakub Galvas (Right Hand Injury)
Noah Cates (Healthy), Slater Koekkoek (Sprained Right Ankle Injury), Garret Pilon (Healthy), Brandon Gignac (Healthy), Chris Driedger (Left Knee Injury)
Pavel Francouz (Healthy)
% Time on Ice - Condors
Lines # - Real PCT - Wanted PCT - Time Play
Normal Forward
1 - 37% - 40% - 18:13
2 - 30% - 30% - 14:40
3 - 20% - 20% - 9:46
4 - 14% - 10% - 6:54
Normal Defense
1 - 38% - 40% - 18:35
2 - 34% - 30% - 16:47
3 - 21% - 20% - 10:37
4 - 7% - 10% - 3:34
PP Forward
1 - 55% - 60% - 4:16
2 - 45% - 40% - 3:26
PP Defense
1 - 54% - 60% - 4:08
2 - 46% - 40% - 3:34
PK Forward
1 - 100% - 60% - 1:59
2 - 0% - 40% - 0:00
PK Defense
1 - 60% - 60% - 1:11
2 - 40% - 40% - 0:48
PK3 Forward
1 - 0% - 60%
2 - 0% - 40%
PK3 Defense
1 - 0% - 60%
2 - 0% - 40%
44 Forward
1 - 100% - 60% - 0:46
2 - 0% - 40% - 0:00
44 Defense
1 - 100% - 60% - 0:46
2 - 0% - 40% - 0:00
Last Minute Offensive - 0:00
Last Minute Defensive - 0:00
Total
Forward - 60:00
Defense - 60:00
|
% Time on Ice - Sound Tigers
Lines # - Real PCT - Wanted PCT - Time Play
Normal Forward
1 - 37% - 40% - 18:13
2 - 28% - 30% - 13:39
3 - 20% - 20% - 10:01
4 - 15% - 10% - 7:40
Normal Defense
1 - 39% - 40% - 19:23
2 - 32% - 30% - 15:45
3 - 23% - 20% - 11:19
4 - 6% - 10% - 3:06
PP Forward
1 - 50% - 60% - 0:59
2 - 50% - 40% - 1:00
PP Defense
1 - 52% - 60% - 1:02
2 - 48% - 40% - 0:57
PK Forward
1 - 71% - 60% - 5:28
2 - 29% - 40% - 2:14
PK Defense
1 - 80% - 60% - 6:09
2 - 20% - 40% - 1:33
PK3 Forward
1 - 0% - 60%
2 - 0% - 40%
PK3 Defense
1 - 0% - 60%
2 - 0% - 40%
44 Forward
1 - 100% - 60% - 0:46
2 - 0% - 40% - 0:00
44 Defense
1 - 72% - 60% - 0:33
2 - 28% - 40% - 0:13
Last Minute Offensive - 0:00
Last Minute Defensive - 0:00
Total
Forward - 60:00
Defense - 60:00
|
Play-by-Play
1st period
0:01 of 1st period - Ryan Hartman wins face-off versus Tyler Bozak in neutral zone.
1:07 of 1st period - Wrist shot by Kailer Yamamoto.
1:07 of 1st period - Shot Blocked by Josh Archibald.
1:09 of 1st period - Slapshot by Zac Leslie.
1:09 of 1st period - Shot Misses the Net.
1:11 of 1st period - Slapshot by Zac Leslie.
1:11 of 1st period - Stopped by Stuart Skinner without a rebound.
1:12 of 1st period - Ryan Hartman wins face-off versus Michael Rasmussen in Sound Tigers zone.
1:14 of 1st period - Minor Penalty to Greg Pateryn for Hooking.
1:15 of 1st period - Mark Jankowski wins face-off versus Ryan Hartman in Sound Tigers zone.
1:41 of 1st period - Wrist shot by Tyler Bozak.
1:41 of 1st period - Shot Misses the Net.
1:43 of 1st period - Backhand shot by Jake Virtanen.
1:43 of 1st period - Goal by Jake Virtanen - Condors : 1 - Sound Tigers : 0.
1:44 of 1st period - Ryan Hartman wins face-off versus Tyler Bozak in neutral zone.
2:32 of 1st period - Snap shot by Clayton Keller.
2:32 of 1st period - Shot Misses the Net.
2:42 of 1st period - Wrist shot by Pavel Kraskovsky.
2:42 of 1st period - Stopped by Mikko Koskinen without a rebound.
2:43 of 1st period - Ryan Hartman wins face-off versus Tyler Bozak in Condors zone.
2:44 of 1st period - Snap shot by Alex Tuch.
2:44 of 1st period - Deflect By Ryan Hartman.
2:44 of 1st period - Stopped by Mikko Koskinen without a rebound.
2:45 of 1st period - Borna Rendulic wins face-off versus Tyler Bozak in Condors zone.
2:50 of 1st period - Snap shot by Ryan Hartman.
2:50 of 1st period - Shot Misses the Net.
2:52 of 1st period - Wrist shot by Ryan Hartman.
2:52 of 1st period - Shot Misses the Net.
2:54 of 1st period - Wrist shot by Ryan Hartman.
2:54 of 1st period - Stopped by Mikko Koskinen with a rebound.
3:12 of 1st period - Icing by Tyler Bozak.
3:13 of 1st period - Jake Virtanen wins face-off versus Tyrell Goulbourne in Condors zone.
4:06 of 1st period - Snap shot by Jake Virtanen.
4:06 of 1st period - Stopped by Stuart Skinner without a rebound.
4:07 of 1st period - Mark Jankowski wins face-off versus Ryan Hartman in Sound Tigers zone.
4:08 of 1st period - Snap shot by Patrik Laine.
4:08 of 1st period - Stopped by Stuart Skinner with a rebound.
4:29 of 1st period - Minor Penalty to Greg Pateryn for Goalie Interference.
4:30 of 1st period - Ryan Hartman wins face-off versus Mark Jankowski in Sound Tigers zone.
5:37 of 1st period - Miro Heiskanen is hit by Patrik Laine and loses puck.
6:29 of 1st period - Penalty to Greg Pateryn is over, Greg Pateryn is back on ice.
7:29 of 1st period - Snap shot by Josh Archibald.
7:29 of 1st period - Shot Misses the Net.
7:31 of 1st period - Wrist shot by Josh Archibald.
7:31 of 1st period - Stopped by Mikko Koskinen with a rebound.
7:45 of 1st period - Wrist shot by Adam Erne.
7:45 of 1st period - Goal by Adam Erne - Condors : 2 - Sound Tigers : 0.
7:46 of 1st period - Ryan Hartman wins face-off versus Mark Jankowski in neutral zone.
7:49 of 1st period - Zac Leslie is hit by Alexander Yelesin and loses puck.
8:42 of 1st period - Snap shot by Pavel Kraskovsky.
8:42 of 1st period - Shot Misses the Net.
8:44 of 1st period - Slapshot by Casey Staum.
8:44 of 1st period - Shot Misses the Net.
9:17 of 1st period - Snap shot by Tyrell Goulbourne.
9:17 of 1st period - Shot Misses the Net.
9:53 of 1st period - Snap shot by Kailer Yamamoto.
9:53 of 1st period - Stopped by Stuart Skinner with a rebound.
9:55 of 1st period - Snap shot by Anton Slepyshev.
9:55 of 1st period - Shot Misses the Net.
9:57 of 1st period - Wrist shot by Kailer Yamamoto.
9:57 of 1st period - Shot Misses the Net.
10:03 of 1st period - Snap shot by Phil McRae.
10:03 of 1st period - Stopped by Stuart Skinner without a rebound.
10:04 of 1st period - Ryan Hartman wins face-off versus Tyler Bozak in Sound Tigers zone.
10:11 of 1st period - Snap shot by Alex Tuch.
10:11 of 1st period - Stopped by Mikko Koskinen with a rebound.
10:26 of 1st period - Icing by Philippe Myers.
10:27 of 1st period - Joe Labate wins face-off versus Mark Jankowski in Condors zone.
10:30 of 1st period - Wrist shot by Joe Labate.
10:30 of 1st period - Deflect By Garret Ross.
10:30 of 1st period - Goal by Garret Ross - Condors : 2 - Sound Tigers : 1.
10:31 of 1st period - Ryan Hartman wins face-off versus Mark Jankowski in neutral zone.
10:56 of 1st period - Miro Heiskanen is hit by Phil McRae and loses puck.
11:09 of 1st period - Wrist shot by Joe Labate.
11:09 of 1st period - Stopped by Mikko Koskinen with a rebound.
11:39 of 1st period - Alexandre Carrier is hit by Casey Staum and loses puck.
12:08 of 1st period - Wrist shot by Borna Rendulic.
12:08 of 1st period - Stopped by Mikko Koskinen with a rebound.
12:24 of 1st period - Wrist shot by Kailer Yamamoto.
12:24 of 1st period - Stopped by Stuart Skinner with a rebound.
12:26 of 1st period - Slapshot by Phil McRae.
12:26 of 1st period - Stopped by Stuart Skinner with a rebound.
12:28 of 1st period - Snap shot by Phil McRae.
12:28 of 1st period - Shot Blocked by Joe Labate.
12:30 of 1st period - Slapshot by Jack Dougherty.
12:30 of 1st period - Shot Misses the Net.
13:03 of 1st period - Off-side.
13:04 of 1st period - Ryan Hartman wins face-off versus Jesse Puljujarvi in neutral zone.
13:21 of 1st period - Snap shot by Alex Tuch.
13:21 of 1st period - Shot Blocked by Jesse Puljujarvi.
13:29 of 1st period - Wrist shot by Borna Rendulic.
13:29 of 1st period - Shot Blocked by Emil Djuse.
13:31 of 1st period - Wrist shot by Ryan Hartman.
13:31 of 1st period - Stopped by Mikko Koskinen with a rebound.
13:33 of 1st period - Wrist shot by Miro Heiskanen.
13:33 of 1st period - Shot Misses the Net.
13:35 of 1st period - Snap shot by Alex Tuch.
13:35 of 1st period - Stopped by Mikko Koskinen without a rebound.
13:36 of 1st period - Tyler Bozak wins face-off versus Joe Labate in Condors zone.
13:36 of 1st period - Tyler Bozak is hit by Greg Pateryn.
14:07 of 1st period - Ben Thomson is hit by Kailer Yamamoto and loses puck.
14:44 of 1st period - Tyrell Goulbourne is hit by Mark Jankowski and loses puck.
15:05 of 1st period - Snap shot by Garret Ross.
15:05 of 1st period - Stopped by Mikko Koskinen with a rebound.
15:07 of 1st period - Snap shot by James Livingstone.
15:07 of 1st period - Stopped by Mikko Koskinen with a rebound.
16:19 of 1st period - Wrist shot by Adam Erne.
16:19 of 1st period - Stopped by Stuart Skinner with a rebound.
16:21 of 1st period - Snap shot by Michael Rasmussen.
16:21 of 1st period - Goal by Michael Rasmussen - Condors : 3 - Sound Tigers : 1.
16:22 of 1st period - Ryan Hartman wins face-off versus Tyler Bozak in neutral zone.
16:33 of 1st period - Slapshot by Ryan Hartman.
16:33 of 1st period - Shot Misses the Net.
16:35 of 1st period - Wrist shot by Borna Rendulic.
16:35 of 1st period - Shot Hit the Post.
16:37 of 1st period - Wrist shot by Alex Tuch.
16:37 of 1st period - Stopped by Mikko Koskinen with a rebound.
17:40 of 1st period - Wrist shot by Alex Tuch.
17:40 of 1st period - Shot Blocked by Alexandre Carrier.
17:42 of 1st period - Snap shot by Borna Rendulic.
17:42 of 1st period - Shot Misses the Net.
18:04 of 1st period - Wrist shot by Rhett Gardner.
18:04 of 1st period - Shot Blocked by Adam Erne.
18:13 of 1st period - Off-side.
18:14 of 1st period - Pavel Kraskovsky wins face-off versus Mark Jankowski in neutral zone.
18:21 of 1st period - Wrist shot by Ben Thomson.
18:21 of 1st period - Shot Misses the Net.
18:23 of 1st period - Wrist shot by Ben Thomson.
18:23 of 1st period - Shot Blocked by Emil Djuse.
18:25 of 1st period - Wrist shot by Ben Thomson.
18:25 of 1st period - Shot Misses the Net.
18:46 of 1st period - Snap shot by Mark Jankowski.
18:46 of 1st period - Shot Blocked by Gabriel Carlsson.
19:08 of 1st period - Nick Blankenburg is hit by Tyler Bozak.
19:27 of 1st period - Phil McRae is hit by Rhett Gardner and loses puck.
19:51 of 1st period - Snap shot by Clayton Keller.
19:51 of 1st period - Shot Misses the Net.
19:53 of 1st period - Slapshot by Zac Leslie.
19:53 of 1st period - Deflect By Adam Erne.
19:53 of 1st period - Stopped by Stuart Skinner without a rebound.
19:54 of 1st period - Tyler Bozak wins face-off versus Ryan Hartman in Sound Tigers zone.
Goals for this period are 3 for Condors vs 1 for Sound Tigers.
Shots for this period are 12 for Condors vs 13 for Sound Tigers.
2nd period
0:01 of 2nd period - Tyler Bozak wins face-off versus Ryan Hartman in neutral zone.
0:04 of 2nd period - Snap shot by Robby Fabbri.
0:04 of 2nd period - Deflect By Tyler Bozak.
0:04 of 2nd period - Goal by Tyler Bozak - Condors : 4 - Sound Tigers : 1.
0:04 of 2nd period - Sean Maguire enters game.
0:05 of 2nd period - Ryan Hartman wins face-off versus Tyler Bozak in neutral zone.
0:08 of 2nd period - Slapshot by Greg Pateryn.
0:08 of 2nd period - Shot Misses the Net.
0:30 of 2nd period - Garret Ross is hit by Jesse Puljujarvi and loses puck.
0:51 of 2nd period - Slapshot by Anton Slepyshev.
0:51 of 2nd period - Shot Misses the Net.
0:53 of 2nd period - Wrist shot by Phil McRae.
0:53 of 2nd period - Shot Misses the Net.
0:55 of 2nd period - Slapshot by Zac Leslie.
0:55 of 2nd period - Stopped by Sean Maguire without a rebound.
0:56 of 2nd period - Phil McRae wins face-off versus Ryan Hartman in Sound Tigers zone.
1:28 of 2nd period - Slapshot by Gabriel Carlsson.
1:28 of 2nd period - Stopped by Mikko Koskinen without a rebound.
1:29 of 2nd period - Tyler Bozak wins face-off versus Joe Labate in Condors zone.
1:29 of 2nd period - Tyler Bozak is hit by Gabriel Carlsson.
1:49 of 2nd period - Wrist shot by Jake Virtanen.
1:49 of 2nd period - Shot Blocked by Gabriel Carlsson.
2:05 of 2nd period - Snap shot by Jake Virtanen.
2:05 of 2nd period - Deflect By Tyler Bozak.
2:05 of 2nd period - Shot Blocked by Gabriel Carlsson.
2:05 of 2nd period - Puck is out of play.
2:06 of 2nd period - Joe Labate wins face-off versus Mark Jankowski in Sound Tigers zone.
3:03 of 2nd period - Wrist shot by Adam Erne.
3:03 of 2nd period - Stopped by Sean Maguire with a rebound.
3:05 of 2nd period - Slapshot by Philippe Myers.
3:05 of 2nd period - Shot Blocked by Josh Archibald.
3:13 of 2nd period - Gabriel Carlsson is hit by Michael Rasmussen and loses puck.
3:29 of 2nd period - Snap shot by Jake Virtanen.
3:29 of 2nd period - Goal by Jake Virtanen - Condors : 5 - Sound Tigers : 1.
3:30 of 2nd period - Tyler Bozak wins face-off versus Alex Tuch in neutral zone.
3:33 of 2nd period - Snap shot by Robby Fabbri.
3:33 of 2nd period - Shot Misses the Net.
3:46 of 2nd period - Tyler Bozak is hit by Borna Rendulic.
4:03 of 2nd period - Off-side.
4:04 of 2nd period - Joe Labate wins face-off versus Mark Jankowski in neutral zone.
4:38 of 2nd period - Wrist shot by Jake Virtanen.
4:38 of 2nd period - Stopped by Sean Maguire without a rebound.
4:39 of 2nd period - Joe Labate wins face-off versus Mark Jankowski in Sound Tigers zone.
5:13 of 2nd period - Snap shot by Jake Virtanen.
5:13 of 2nd period - Deflect By Alex Tuch.
5:13 of 2nd period - Shot Blocked by Nick Blankenburg.
5:13 of 2nd period - Puck is out of play.
5:14 of 2nd period - Tyler Bozak wins face-off versus Joe Labate in Sound Tigers zone.
6:04 of 2nd period - Wrist shot by Ben Thomson.
6:04 of 2nd period - Shot Misses the Net.
6:06 of 2nd period - Snap shot by Ross Colton.
6:06 of 2nd period - Shot Misses the Net.
6:08 of 2nd period - Snap shot by Gabriel Carlsson.
6:08 of 2nd period - Deflect By Alexandre Carrier.
6:08 of 2nd period - Goal by Gabriel Carlsson - Condors : 5 - Sound Tigers : 2.
6:09 of 2nd period - Ryan Hartman wins face-off versus Tyler Bozak in neutral zone.
6:20 of 2nd period - Backhand shot by Miro Heiskanen.
6:20 of 2nd period - Shot Misses the Net.
6:34 of 2nd period - Philippe Myers is hit by Nick Blankenburg and loses puck.
6:39 of 2nd period - Snap shot by Pavel Kraskovsky.
6:39 of 2nd period - Stopped by Mikko Koskinen with a rebound.
6:41 of 2nd period - Slapshot by Pavel Kraskovsky.
6:41 of 2nd period - Deflect By Ben Thomson.
6:41 of 2nd period - Stopped by Mikko Koskinen without a rebound.
6:42 of 2nd period - Ryan Hartman wins face-off versus Mark Jankowski in Condors zone.
7:16 of 2nd period - Snap shot by Ben Thomson.
7:16 of 2nd period - Goal by Ben Thomson - Condors : 5 - Sound Tigers : 3.
7:17 of 2nd period - Ryan Hartman wins face-off versus Tyler Bozak in neutral zone.
7:31 of 2nd period - Ryan Hartman is hit by Tyler Bozak and loses puck.
8:02 of 2nd period - Slapshot by Kailer Yamamoto.
8:02 of 2nd period - Shot Blocked by Greg Pateryn.
8:04 of 2nd period - Slapshot by Jack Dougherty.
8:04 of 2nd period - Stopped by Sean Maguire with a rebound.
8:06 of 2nd period - Wrist shot by Jack Dougherty.
8:06 of 2nd period - Deflect By Phil McRae.
8:06 of 2nd period - Stopped by Sean Maguire with a rebound.
8:08 of 2nd period - Slapshot by Alexandre Carrier.
8:08 of 2nd period - Shot Blocked by Gabriel Carlsson.
8:10 of 2nd period - Wrist shot by Anton Slepyshev.
8:10 of 2nd period - Stopped by Sean Maguire without a rebound.
8:11 of 2nd period - Ryan Hartman wins face-off versus Tyler Bozak in Sound Tigers zone.
8:11 of 2nd period - Ryan Hartman is hit by Robby Fabbri.
8:33 of 2nd period - Minor Penalty to Tyler Bozak for Hooking.
8:34 of 2nd period - Patrik Laine wins face-off versus Ryan Hartman in Condors zone.
8:59 of 2nd period - Gabriel Carlsson is hit by Zac Leslie and loses puck.
9:49 of 2nd period - Garret Ross is hit by Zac Leslie and loses puck.
10:00 of 2nd period - Philippe Myers is hit by Borna Rendulic and loses puck.
10:29 of 2nd period - Mark Jankowski is hit by James Livingstone and loses puck.
10:33 of 2nd period - Penalty to Tyler Bozak is over, Tyler Bozak is back on ice.
10:37 of 2nd period - Icing by Tyler Bozak.
10:38 of 2nd period - Tyler Bozak wins face-off versus Pavel Kraskovsky in Condors zone.
10:47 of 2nd period - Snap shot by Tyler Bozak.
10:47 of 2nd period - Stopped by Sean Maguire without a rebound.
10:48 of 2nd period - Pavel Kraskovsky wins face-off versus Mark Jankowski in Sound Tigers zone.
11:35 of 2nd period - Wrist shot by Phil McRae.
11:35 of 2nd period - Stopped by Sean Maguire with a rebound.
11:39 of 2nd period - Wrist shot by Anton Slepyshev.
11:39 of 2nd period - Stopped by Sean Maguire with a rebound.
11:41 of 2nd period - Slapshot by Anton Slepyshev.
11:41 of 2nd period - Shot Misses the Net.
11:43 of 2nd period - Slapshot by Alexandre Carrier.
11:43 of 2nd period - Shot Misses the Net.
11:45 of 2nd period - Wrist shot by Phil McRae.
11:45 of 2nd period - Deflect By Anton Slepyshev.
11:45 of 2nd period - Stopped by Sean Maguire with a rebound.
11:55 of 2nd period - Rhett Gardner is hit by Adam Erne.
12:25 of 2nd period - Wrist shot by Patrik Laine.
12:25 of 2nd period - Stopped by Sean Maguire with a rebound.
12:41 of 2nd period - Snap shot by Alex Tuch.
12:41 of 2nd period - Deflect By Ryan Hartman.
12:41 of 2nd period - Shot Blocked by Philippe Myers.
12:41 of 2nd period - Puck is out of play.
12:42 of 2nd period - Ryan Hartman wins face-off versus Jake Virtanen in Condors zone.
12:43 of 2nd period - Backhand shot by Borna Rendulic.
12:43 of 2nd period - Stopped by Mikko Koskinen with a rebound.
12:57 of 2nd period - Ryan Hartman is hit by Gustav Olofsson and loses puck.
13:19 of 2nd period - Icing by Patrik Laine.
13:20 of 2nd period - Mark Jankowski wins face-off versus Ben Thomson in Condors zone.
13:37 of 2nd period - Slapshot by Mark Jankowski.
13:37 of 2nd period - Stopped by Sean Maguire without a rebound.
13:38 of 2nd period - Ryan Hartman wins face-off versus Tyler Bozak in Sound Tigers zone.
13:57 of 2nd period - Robby Fabbri is hit by Greg Pateryn and loses puck.
14:10 of 2nd period - Gabriel Carlsson is hit by Zac Leslie and loses puck.
14:21 of 2nd period - Snap shot by Patrik Laine.
14:21 of 2nd period - Stopped by Sean Maguire with a rebound.
14:35 of 2nd period - Snap shot by Phil McRae.
14:35 of 2nd period - Shot Misses the Net.
14:40 of 2nd period - Icing by Ross Colton.
14:41 of 2nd period - Tyler Bozak wins face-off versus Pavel Kraskovsky in Sound Tigers zone.
14:44 of 2nd period - Slapshot by Jake Virtanen.
14:44 of 2nd period - Goal by Jake Virtanen - Condors : 6 - Sound Tigers : 3.
14:45 of 2nd period - Ryan Hartman wins face-off versus Jake Virtanen in neutral zone.
14:48 of 2nd period - Wrist shot by Borna Rendulic.
14:48 of 2nd period - Stopped by Mikko Koskinen with a rebound.
14:50 of 2nd period - Backhand shot by Borna Rendulic.
14:50 of 2nd period - Deflect By Jake Virtanen.
14:50 of 2nd period - Shot Misses the Net.
14:50 of 2nd period - Puck is out of play.
14:51 of 2nd period - Tyler Bozak wins face-off versus Ryan Hartman in Condors zone.
14:51 of 2nd period - Tyler Bozak is hit by Miro Heiskanen.
15:01 of 2nd period - Snap shot by Alex Tuch.
15:01 of 2nd period - Goal by Alex Tuch - Condors : 6 - Sound Tigers : 4.
15:02 of 2nd period - Tyler Bozak wins face-off versus Ryan Hartman in neutral zone.
15:07 of 2nd period - Slapshot by Jake Virtanen.
15:07 of 2nd period - Stopped by Sean Maguire without a rebound.
15:08 of 2nd period - Ryan Hartman wins face-off versus Robby Fabbri in Sound Tigers zone.
15:08 of 2nd period - Ryan Hartman is hit by Philippe Myers.
15:34 of 2nd period - Backhand shot by Ben Thomson.
15:34 of 2nd period - Shot Blocked by Philippe Myers.
15:36 of 2nd period - Wrist shot by Ross Colton.
15:36 of 2nd period - Stopped by Mikko Koskinen without a rebound.
15:37 of 2nd period - Pavel Kraskovsky wins face-off versus Mark Jankowski in Condors zone.
16:51 of 2nd period - Snap shot by Adam Erne.
16:51 of 2nd period - Goal by Adam Erne - Condors : 7 - Sound Tigers : 4.
16:52 of 2nd period - Tyler Bozak wins face-off versus Ryan Hartman in neutral zone.
17:14 of 2nd period - Icing by Zac Leslie.
17:15 of 2nd period - Joe Labate wins face-off versus Mark Jankowski in Condors zone.
17:26 of 2nd period - Snap shot by Joe Labate.
17:26 of 2nd period - Stopped by Mikko Koskinen without a rebound.
17:27 of 2nd period - Ryan Hartman wins face-off versus Tyler Bozak in Condors zone.
17:34 of 2nd period - Wrist shot by Borna Rendulic.
17:34 of 2nd period - Stopped by Mikko Koskinen with a rebound.
18:40 of 2nd period - Ross Colton is hit by Michael Rasmussen and loses puck.
19:01 of 2nd period - Snap shot by Tyrell Goulbourne.
19:01 of 2nd period - Stopped by Mikko Koskinen without a rebound.
19:02 of 2nd period - Tyler Bozak wins face-off versus Rhett Gardner in Condors zone.
19:27 of 2nd period - Zac Leslie is hit by Garret Ross and loses puck.
19:38 of 2nd period - Snap shot by Joe Labate.
19:38 of 2nd period - Stopped by Mikko Koskinen with a rebound.
Goals for this period are 4 for Condors vs 3 for Sound Tigers.
Shots for this period are 18 for Condors vs 13 for Sound Tigers.
3rd period
0:01 of 3rd period - Tyler Bozak wins face-off versus Ryan Hartman in neutral zone.
0:34 of 3rd period - Slapshot by Garret Ross.
0:34 of 3rd period - Shot Misses the Net.
0:36 of 3rd period - Wrist shot by James Livingstone.
0:36 of 3rd period - Stopped by Mikko Koskinen with a rebound.
0:43 of 3rd period - Icing by Mark Jankowski.
0:44 of 3rd period - Pavel Kraskovsky wins face-off versus Mark Jankowski in Condors zone.
1:21 of 3rd period - Slapshot by Jake Virtanen.
1:21 of 3rd period - Shot Blocked by Gabriel Carlsson.
1:33 of 3rd period - Wrist shot by Pavel Kraskovsky.
1:33 of 3rd period - Stopped by Mikko Koskinen with a rebound.
1:35 of 3rd period - Snap shot by Ross Colton.
1:35 of 3rd period - Goal by Ross Colton - Condors : 7 - Sound Tigers : 5.
1:36 of 3rd period - Ryan Hartman wins face-off versus Tyler Bozak in neutral zone.
1:36 of 3rd period - Ryan Hartman is hit by Robby Fabbri.
1:42 of 3rd period - Snap shot by Gabriel Carlsson.
1:42 of 3rd period - Shot Blocked by Jack Dougherty.
2:11 of 3rd period - Joe Labate is hit by Anton Slepyshev and loses puck.
2:28 of 3rd period - Wrist shot by Pavel Kraskovsky.
2:28 of 3rd period - Stopped by Mikko Koskinen with a rebound.
2:46 of 3rd period - Adam Erne is hit by Nick Blankenburg and loses puck.
2:59 of 3rd period - Slapshot by Tyrell Goulbourne.
2:59 of 3rd period - Shot Misses the Net.
3:14 of 3rd period - Wrist shot by Borna Rendulic.
3:14 of 3rd period - Shot Misses the Net.
3:39 of 3rd period - Snap shot by Garret Ross.
3:39 of 3rd period - Stopped by Mikko Koskinen with a rebound.
3:41 of 3rd period - Wrist shot by Garret Ross.
3:41 of 3rd period - Stopped by Mikko Koskinen with a rebound.
3:43 of 3rd period - Snap shot by James Livingstone.
3:43 of 3rd period - Goal by James Livingstone - Condors : 7 - Sound Tigers : 6.
3:44 of 3rd period - Tyler Bozak wins face-off versus Ryan Hartman in neutral zone.
4:10 of 3rd period - Zac Leslie is hit by Joe Labate and loses puck.
6:09 of 3rd period - Wrist shot by Pavel Kraskovsky.
6:09 of 3rd period - Stopped by Mikko Koskinen with a rebound.
6:28 of 3rd period - Minor Penalty to Greg Pateryn for Interference.
6:29 of 3rd period - Mark Jankowski wins face-off versus Ryan Hartman in Sound Tigers zone.
6:55 of 3rd period - Ryan Hartman is hit by Patrik Laine and loses puck.
7:08 of 3rd period - Snap shot by Jake Virtanen.
7:08 of 3rd period - Deflect By Patrik Laine.
7:08 of 3rd period - Stopped by Sean Maguire with a rebound.
7:18 of 3rd period - Alexandre Carrier is hit by Alexander Yelesin and loses puck.
7:50 of 3rd period - Icing by Tyler Bozak.
7:51 of 3rd period - Tyler Bozak wins face-off versus James Livingstone in Condors zone.
8:28 of 3rd period - Penalty to Greg Pateryn is over, Greg Pateryn is back on ice.
9:09 of 3rd period - Slapshot by Adam Erne.
9:09 of 3rd period - Stopped by Sean Maguire with a rebound.
9:11 of 3rd period - Wrist shot by Clayton Keller.
9:11 of 3rd period - Shot Misses the Net.
9:13 of 3rd period - Snap shot by Adam Erne.
9:13 of 3rd period - Stopped by Sean Maguire with a rebound.
9:43 of 3rd period - Pavel Kraskovsky is hit by Emil Djuse and loses puck.
10:33 of 3rd period - Jesse Puljujarvi is hit by Borna Rendulic and loses puck.
11:13 of 3rd period - Snap shot by Phil McRae.
11:13 of 3rd period - Shot Blocked by Miro Heiskanen.
11:32 of 3rd period - Greg Pateryn is hit by Patrik Laine and loses puck.
11:41 of 3rd period - Patrik Laine is hit by Borna Rendulic and loses puck.
11:55 of 3rd period - Icing by Greg Pateryn.
11:56 of 3rd period - Ryan Hartman wins face-off versus Tyler Bozak in Sound Tigers zone.
12:03 of 3rd period - Tyler Bozak is hit by Alex Tuch and loses puck.
12:24 of 3rd period - Wrist shot by Jake Virtanen.
12:24 of 3rd period - Stopped by Sean Maguire with a rebound.
12:34 of 3rd period - Robby Fabbri is hit by Casey Staum and loses puck.
12:55 of 3rd period - Snap shot by Ryan Hartman.
12:55 of 3rd period - Stopped by Mikko Koskinen with a rebound.
13:01 of 3rd period - Slapshot by Alex Tuch.
13:01 of 3rd period - Stopped by Mikko Koskinen with a rebound.
13:03 of 3rd period - Wrist shot by Ryan Hartman.
13:03 of 3rd period - Deflect By Alex Tuch.
13:03 of 3rd period - Stopped by Mikko Koskinen without a rebound.
13:04 of 3rd period - Joe Labate wins face-off versus Mark Jankowski in Condors zone.
13:25 of 3rd period - Minor Penalty to Garret Ross for Holding.
13:26 of 3rd period - Mark Jankowski wins face-off versus Joe Labate in Sound Tigers zone.
13:29 of 3rd period - Wrist shot by Mark Jankowski.
13:29 of 3rd period - Deflect By Gabriel Carlsson.
13:29 of 3rd period - Shot Misses the Net.
13:29 of 3rd period - Puck is out of play.
13:30 of 3rd period - Mark Jankowski wins face-off versus Joe Labate in Sound Tigers zone.
13:31 of 3rd period - Slapshot by Robby Fabbri.
13:31 of 3rd period - Goal by Robby Fabbri - Condors : 8 - Sound Tigers : 6.
13:32 of 3rd period - Joe Labate wins face-off versus Robby Fabbri in neutral zone.
13:57 of 3rd period - Jesse Puljujarvi is hit by Pavel Kraskovsky and loses puck.
14:49 of 3rd period - Slapshot by Borna Rendulic.
14:49 of 3rd period - Shot Misses the Net.
14:51 of 3rd period - Slapshot by Casey Staum.
14:51 of 3rd period - Shot Blocked by Jack Dougherty.
15:17 of 3rd period - Minor Penalty to Alexander Yelesin for Hooking.
15:18 of 3rd period - Ryan Hartman wins face-off versus Mark Jankowski in Sound Tigers zone.
15:23 of 3rd period - Snap shot by Alex Tuch.
15:23 of 3rd period - Deflect By Ryan Hartman.
15:23 of 3rd period - Stopped by Mikko Koskinen with a rebound.
15:43 of 3rd period - Ryan Hartman is hit by Zac Leslie and loses puck.
16:04 of 3rd period - Snap shot by Joe Labate.
16:04 of 3rd period - Shot Misses the Net.
16:12 of 3rd period - Wrist shot by Garret Ross.
16:12 of 3rd period - Deflect By Joe Labate.
16:12 of 3rd period - Shot Misses the Net.
16:12 of 3rd period - Puck is out of play.
16:13 of 3rd period - Ryan Hartman wins face-off versus Tyler Bozak in Condors zone.
17:17 of 3rd period - Penalty to Alexander Yelesin is over, Alexander Yelesin is back on ice.
18:03 of 3rd period - Minor Penalty to Ross Colton for High sticking.
18:04 of 3rd period - Ryan Hartman wins face-off versus Mark Jankowski in Sound Tigers zone.
18:40 of 3rd period - Wrist shot by Jake Virtanen.
18:40 of 3rd period - Stopped by Sean Maguire with a rebound.
19:06 of 3rd period - Miro Heiskanen is hit by Tyler Bozak and loses puck.
19:13 of 3rd period - Minor Penalty to Jack Dougherty for Roughing.
19:14 of 3rd period - Alex Tuch wins face-off versus Tyler Bozak in Condors zone.
19:37 of 3rd period - Icing by Gabriel Carlsson.
19:38 of 3rd period - Tyler Bozak wins face-off versus Ryan Hartman in Sound Tigers zone.
19:41 of 3rd period - Slapshot by Tyler Bozak.
19:41 of 3rd period - Deflect By Jake Virtanen.
19:41 of 3rd period - Stopped by Sean Maguire with a rebound.
19:50 of 3rd period - Icing by Gustav Olofsson.
19:51 of 3rd period - Tyler Bozak wins face-off versus Ryan Hartman in Condors zone.
19:51 of 3rd period - Tyler Bozak is hit by Nick Blankenburg.
Goals for this period are 1 for Condors vs 2 for Sound Tigers.
Shots for this period are 7 for Condors vs 12 for Sound Tigers.